 Dungeon Crawl Stone Soup version 0.28-a0-1227-ga9037bb4c8 (webtiles) character file.

Game seed: 5460327397230461436

197 ChaosChampion the Grasshopper (level 5, -22/45 HPs)
             Began as a Draconian Warper on Dec 22, 2021.
             Was a High Priest of Ignis.
             Annihilated by a two-headed ogre (29 damage)
             ... on level 4 of the Dungeon.
             The game lasted 00:03:31 (4957 turns).

ChaosChampion the Grasshopper (Draconian Warper)    Turns: 4957, Time: 00:03:32

Health: -22/45     AC:  5    Str: 14    XL:     5   Next: 46%
Magic:  9/9        EV: 12    Int: 15    God:    Ignis [*****.]
Gold:   182        SH:  0    Dex: 10    Spells: 10/10 levels left

rFire   + . .      SeeInvis .     - Unarmed
rCold   . . .      Faith    .   (no shield)
rNeg    + . .      Spirit   .   (armour unavailable)
rPois   .          Reflect  .   (helmet restricted)
rElec   .          Harm     .   (no cloak)
rCorr   .          Rampage  .   (no gloves)
Will    .....                   (no boots)
Stlth   +.........              (no amulet)
HPRegen 0.15/turn               j - ring of positive energy
MPRegen 0.11/turn               (no ring)

@: no status effects
A: AC +5, unfitting armour, cold-blooded
a: Renounce Religion, Fiery Armour, Foxfire Swarm, Rising Flame


You were on level 4 of the Dungeon.
You worshipped Ignis.
Ignis was extremely pleased with you.
You visited 1 branch of the dungeon, and saw 5 of its levels.

You collected 182 gold pieces.

Inventory:

Missiles
 b - 5 boomerangs of dispersal (quivered)
Jewellery
 c - an amulet of faith
 j - a ring of positive energy (left hand)
Scrolls
 a - a scroll of blinking
 d - a scroll of fear
 l - a scroll of noise {unknown}
 o - a scroll of enchant armour {unknown}
Potions
 e - a potion of brilliance
 f - a potion of heal wounds
 g - a potion of invisibility {unknown}
 k - a potion of curing {unknown}
 m - a potion of cancellation {unknown}
 n - a potion of mutation {unknown}
 p - a potion of haste {unknown}


   Skills:
 + Level 3.6 Fighting
 - Level 0.8 Throwing
 - Level 2.1 Dodging
 + Level 3.3 Unarmed Combat
 + Level 3.1 Spellcasting
 + Level 4.0 Translocations


You had 10 spell levels left.
You didn't know any spells.
Your spell library contained the following spells:

 Spells                   Type           Power      Damage    Failure   Level
 Blink                    Tloc           28%        N/A       5%          2
 Gell's Gravitas          Tloc           14%        N/A       11%         3
 Lesser Beckoning         Tloc           14%        N/A       11%         3
 Teleport Other           Tloc           14%        N/A       11%         3
 Manifold Assault         Tloc           14%        N/A       71%         5


Dungeon Overview and Level Annotations

Branches:
Dungeon (5/15)
 Temple: D:4-7

Altars:
Ignis


Innate Abilities, Weirdness & Mutations

Your plain brown scales are hard. (AC +5)
You cannot fit into any form of body armour.
You are cold-blooded and may be slowed by cold attacks.


Message History

The adder is severely wounded.
The adder completely misses you.
You hit the adder.
The adder is severely wounded.
The adder bites you but does no damage.
You hit the adder.
You kill the adder!
No target in view!
HP restored.
There is an open door here.
You see here an adder corpse.
You open the door.
There is an open door here.
You now have 182 gold pieces (gained 18).
There is an open door here.
There is an open door here.
You see here an adder corpse.
You open the door.
There is an open door here.
You open the door.
Found a stone staircase leading up.
There is an open door here.
A two-headed ogre comes into view.
It is wielding a +0 giant club and a +0 giant spiked club.
The two-headed ogre shouts in stereo!
A two-headed ogre is nearby!
A two-headed ogre is nearby!
A two-headed ogre is nearby!
There is a stone staircase leading up here.
You hit the two-headed ogre.
The two-headed ogre is lightly wounded.
The two-headed ogre hits you with a +0 giant club!!
The two-headed ogre hits you with a +0 giant spiked club.
You are too injured to fight recklessly!
You don't know any spells.
The two-headed ogre hits you with a +0 giant club!!
* * * LOW HITPOINT WARNING * * *
The two-headed ogre completely misses you.
The two-headed ogre hits you with a +0 giant club!!
Ouch! That really hurt!
You die...

######### ######## ........#
#......########## ........#
#......'....#...# ........#
#......#....#...+ ........#
#......#....#...# ....[...#
#......#....#...# ........#
#..(...#....'...#
........#########......###'######
...#####.......O@...#####...##..#
...'...#............#..#.....#...
...#...#........[...#..#.....#...
...#####............#..'.....#...
#.....##########....#..##...##..#
#.....# #....#..##...##..#
#.....# +.[..#.......#(...
#.....# #....#.......#...)
#.....##########....#.###..###..#


You could see a two-headed ogre.

Vanquished Creatures
  A necrophage (D:4)
  2 adders (D:4)
  A gnoll (D:3)
  A worm (D:4)
  5 dart slugs
  3 orcs
  2 bats
  8 endoplasms
  2 giant cockroaches
  6 goblins
  6 hobgoblins
  3 jackals (D:2)
  3 quokkas
  7 ball pythons
  2 frilled lizards
  5 kobolds
  8 rats
65 creatures vanquished.

Notes
Turn   | Place    | Note
-------+----------+-------------------------------------------
     0 | D:1      | ChaosChampion the Draconian Warper began the quest for the
                  | Orb.
     0 | D:1      | Reached XP level 1. HP: 17/17 MP: 3/3
   163 | D:1      | Found a faded altar of an unknown god.
   247 | D:1      | Prayed at the altar of an unknown god.
   247 | D:1      | Became a worshipper of Ignis, the Dying Flame
   601 | D:1      | Reached XP level 2. HP: 20/25 MP: 5/5
  1380 | D:2      | Reached XP level 3. HP: 25/30 MP: 6/6
  2422 | D:3      | Reached XP level 4. HP: 23/38 MP: 6/8
  2432 | D:3      | HP: 1/38 [orc (4)]
  3676 | D:4      | Noticed an ogre
  4060 | D:4      | Noticed a necrophage
  4079 | D:4      | Killed a necrophage
  4080 | D:4      | Reached XP level 5. HP: 7/45 MP: 9/9
  4387 | D:4      | Reached skill level 4 in Translocations
  4610 | D:5      | Entered Level 5 of the Dungeon
  4610 | D:5      | Noticed an ogre
  4920 | D:4      | Noticed a two-headed ogre
  4957 | D:4      | Annihilated by a two-headed ogre

Illustrated notes

Levels and vault maps discovered:
D:1:      lordsloth_arrival_two_stooges, layout_loops_ring,
          basic_ecumenical_altar
D:2:      layout_basic, serial_glass, glass_columns_a, glass_columns_a
D:3:      layout_basic, minmay_checkerbox
D:4:      layout_gridville, kennysheep_cross_bottleneck
D:5:      layout_gridville, grunt_temple_overflow_forces_of_nature,
          minmay_temple_entry_purple_smoke

Skill      XL: |  1  2  3  4  5 |
---------------+----------------+-----
Fighting       | 3 |  3.6
Unarmed Combat | 3 |  3.3
Spellcasting   | 3 |  3.1
Translocations | 4 |  4.0
Throwing       | |  0.8
Dodging        | |  2.1

Action                   |  1- 3 |  4- 6 || total
-------------------------+-------+-------++-------
Melee: Unarmed           |   189 |    89 ||   278
       Tailslap          |    18 |    11 ||    29
  Use: Scroll            |       |     5 ||     5
 Stab: Sleeping          |     2 |       ||     2
Armor: Skin              |    59 |    17 ||    76
Dodge: Dodged            |   126 |    39 ||   165

Table legend: (Time is in decaauts)
 A = Elapsed time spent in this place.
 B = Non-inter-level travel time spent in this place.
 C = Inter-level travel time spent in this place.
 D = Time resting spent in this place.
 E = Time spent auto-exploring this place.
 F = Levels seen in this place.
 G = Mean time per level.
                   A        B        C        D        E       F      G
               +--------+--------+--------+--------+--------+-----+--------+
         Total |   4953 |   4735 |    218 |    492 |   3516 |   5 |  990.6 |
       Dungeon |   4953 |   4735 |    218 |    492 |   3516 |   5 |  990.6 |
               +--------+--------+--------+--------+--------+-----+--------+

Top non-repeatable levels by time:
     D:3: 1787 daAuts
     D:2: 1378 daAuts
     D:4: 995 daAuts
     D:1: 786 daAuts
     D:5: 5 daAuts
